AoeStats
← 海峡

Arabian Desert

508580577Analyzed
1v1 RM · 10d ago on Sep 23, 2026· 42m 31s· 2 players
Game mode
Random Map
Map size
Tiny (2 player)
Population
200
Speed
Normal
Resources
Standard
Victory
Conquest
Starting age
Dark Age
Ending age
Imperial Age
RankedLock teamsTeams togetherTeam positionsShared explorationLock speedFull tech treeHidden civsTurbo modeCheats
Victory
Defeat
🇨🇳 Danes · China
1619
+14
🇨🇦 Danes · Canada
1576
-14
Brick by Brick
8:57 Feudal Age
9:08 Man-at-Arms
9:58 Double-Bit Axe
11:08 Loom
13:17 Arson
16:41 Fletching
18:41 Padded Archer Armor
24:38 Castle Age
22:30 Horse Collar
25:17 Bodkin Arrow
26:22 Scale Mail Armor
27:27 Gold Mining
27:00 Elite Skirmisher
28:00 Forging
29:30 Wheelbarrow
29:16 Chain Mail Armor
30:32 Squires
31:45 Ballistics
31:57 Bow Saw
32:45 Heavy Plow
38:53 Imperial Age
35:49 Crossbowman
37:42 Leather Archer Armor
37:26 Gambesons
37:48 Stone Mining
38:57 Iron Casting
39:39 Bracer
40:39 Chemistry
42:29 Ring Archer Armor
42:43 Hand Cart
海峡
5:48 Loom
8:48 Feudal Age
9:01 Man-at-Arms
9:33 Double-Bit Axe
17:44 Padded Archer Armor
19:09 Wheelbarrow
19:11 Fletching
24:42 Castle Age
23:04 Scale Mail Armor
22:56 Arson
23:50 Horse Collar
26:40 Chain Mail Armor
26:29 Squires
28:15 Bow Saw
33:45 Heavy Plow
34:22 Forging
39:13 Imperial Age
36:51 Gold Mining
37:37 Iron Casting
38:59 Gold Shaft Mining
38:19 Hamask
39:56 Hand Cart
40:56 Blast Furnace
40:27 Plate Mail Armor
40:52 Conscription
40:15 Elite Varangian Guard
40:58 Town Watch
Connection lost

Rejoining the realm…

Still unreachable

The connection could not be restored.

Session expired

The server has moved on; the page needs a fresh start.